 Dungeon Crawl Stone Soup version 0.16-a0-328-gfd822c7 (webtiles) character file.

1414 Ratboiler the Martial Artist (level 8, 0/50 HPs)
             Began as an Octopode Transmuter on Sept 6, 2014.
             Was an Initiate of Gozag.
             Slain by a centaur (7 damage)
             ... on Level 7 of the Dungeon.
             The game lasted 00:20:12 (8409 turns).

Ratboiler the Martial Artist (Octopode Transmuter)  Turns: 8409, Time: 00:20:12

HP   0/50        AC  2     Str  9      XL: 8   Next: 71%
MP  19/22        EV 20     Int 16      God: Gozag
Gold 359         SH  0     Dex 19      Spells:  4 memorised,  0 levels left

rFire  . . .     SeeInvis +     f - melded +0 spear (pierce)
rCold  . . .     Clarity  .     (shield currently unavailable)
rNeg   . . .     rCorr    .     (helmet currently unavailable)
rPois  x         rRot     .     (no amulet)
rElec  .         Spirit   .     k - ring of magical power
SustAb .         Warding  .     s - ring of see invisible
rMut   .         Stasis   .     (no ring)
Gourm  .                        (no ring)
MR     .....                    (no ring)
                                (no ring)
                                (no ring)
                                (no ring)

@: spider-form, not resistant to hostile enchantments, unstealthy
A: almost no armour, amphibious, 8 rings, (constrict 8), (camouflage 0),
(gelatinous body 0)
a: End Transformation, Potion Petition, Call Merchant, Bribe Branch, Renounce
Religion


You were on level 7 of the Dungeon.
You worshipped Gozag.
Gozag was noncommittal.
You were not hungry.
You were in spider-form.
You visited 1 branch of the dungeon, and saw 7 of its levels.

You collected 504 gold pieces.
You paid 145 gold pieces to Gozag.

Inventory:

Hand weapons
 f - a +0 spear of piercing (melded)
Missiles
 b - 96 arrows
 i - 57 poisoned needles
 m - 4 javelins (quivered)
 w - 3 needles of sleeping
 x - 14 arrows of frost
 C - a throwing net
Armour
 o - a +0 buckler
Magical devices
 j - a wand of slowing (10)
 B - a wand of fire (6)
Comestibles
 a - 9 bread rations
Scrolls
 c - 8 scrolls of identify {unknown}
 e - 2 scrolls of fear {unknown}
 l - 4 scrolls of enchant armour {unknown}
 n - 2 scrolls of teleportation {unknown}
 p - a scroll of fog {unknown}
 r - 2 scrolls of immolation {unknown}
 y - a scroll of magic mapping {unknown}
 z - a scroll of enchant weapon {unknown}
Jewellery
 k - a ring of magical power (left front leg)
 s - a ring of see invisible (right front leg)
Potions
 h - a potion of lignification {unknown}
 q - a potion of invisibility {unknown}
 t - a potion of degeneration {unknown}
 u - a potion of beneficial mutation {unknown}
 v - 2 potions of mutation {unknown}
 A - a potion of restore abilities {unknown}
Books
 d - a book of Changes

   Spells                             Type                      Level
   *Beastly Appendage                 Transmutation                1
   *Sticks to Snakes                  Transmutation                2
   *Spider Form                       Transmutation/Poison         3
   Ice Form                           Ice/Transmutation            4
   *Blade Hands                       Transmutation                5


   Skills:
 - Level 1.8 Fighting
 - Level 2.0 Dodging
 - Level 8.4 Unarmed Combat
 - Level 2.0 Spellcasting
 * Level 5.9 Transmutations
 - Level 4.0 Evocations


You couldn't memorise any spells.
You knew the following spells:

 Your Spells              Type           Power        Failure   Level  Hunger
a - Beastly Appendage     Trmt           ###...       8%          1    #......
b - Sticks to Snakes      Trmt           ###.......   12%         2    ###....
c - Spider Form           Trmt/Pois      ##........   41%         3    ####...
d - Blade Hands           Trmt           ###.......   82%         5    ######.


Dungeon Overview and Level Annotations

Branches:
Dungeon (7/15)             Temple (0/1) D:6

Altars:
Cheibriados
Fedhas
Gozag
Makhleb
Okawaru
Qazlal
Zin

Shops:
D:4 (


Innate Abilities, Weirdness & Mutations

You cannot wear most types of armour.
You are amphibious.
You can wear up to eight rings at the same time.
((You can use your tentacles to constrict many enemies at once.))
((Your skin changes colour to match your surroundings (Stealth).))
((Your rubbery body absorbs attacks (AC +1).))


Message History

You hear a squelching noise.
Your tentacles revert to their normal proportions.
Your +0 spear of piercing unmelds from your body.
You start resting.
Magic restored.
You start resting.
Casting: Blade Hands
Confirm with . or Enter, or press ? or * to list all spells.
You turn into a venomous arachnid creature.
Your +0 spear of piercing melds into your body.
The centaur wields a shortbow.
The centaur shoots an arrow.
The arrow hits you.
* * * LOW HITPOINT WARNING * * *
The centaur unwields an uncursed shortbow.
The centaur hits you.
* * * LOW HITPOINT WARNING * * *
You bite the centaur!
The centaur is poisoned.
The centaur is heavily wounded.
The centaur barely misses you. The centaur hits you!
You die...
Your body crumbles into a pile of gold.

#.# #J# # #.# ..# .
#.##...# .. .
#.##...### ... #
#.....c'.. ...##
#$##...####### #..#
##c####.......# #...
#..s..........# #..
#.............# #.
#.............######
#...................
#...................
###########.........
#.........
#...###### #...#


You could see a centaur and a jelly.

Vanquished Creatures
  A phantom (D:6)
  An orc warrior (D:7)
  4 centaurs
  4 giant frogs
  A water moccasin skeleton (D:4)
  2 crimson imps (D:5)
  A centaur zombie (D:6)
  A goliath beetle (D:6)
  An orc priest (D:5)
  A hound (D:4)
  An iguana (D:6)
  3 orc wizards
  2 worker ants
  12 adders
  3 gnolls (D:6)
  An orc zombie (D:5)
  3 worms
  5 giant geckos
  An ooze (D:2)
  16 orcs
  A ball python (D:5)
  11 bats
  2 giant cockroaches
  10 goblins
  16 hobgoblins
  3 jackals (D:3)
  A quokka (D:4)
  5 giant newts
  A goblin skeleton (D:4)
  9 kobolds
  A kobold zombie (D:6)
  An orc skeleton (D:5)
  A quokka skeleton (D:6)
  7 rats
133 creatures vanquished.

Notes
Turn   | Place    | Note
--------------------------------------------------------------
     0 | D:1      | Ratboiler, the Octopode Transmuter, began the quest for the Orb.
     0 | D:1      | Reached XP level 1. HP: 13/13 MP: 3/3
   571 | D:1      | Reached XP level 2. HP: 18/18 MP: 2/4
  1059 | D:2      | Found a snail-covered altar of Cheibriados.
  1113 | D:2      | Reached skill level 4 in Unarmed Combat
  1113 | D:2      | Reached XP level 3. HP: 10/23 MP: 4/6
  1315 | D:2      | Learned a level 2 spell: Sticks to Snakes
  1319 | D:2      | Learned a level 3 spell: Spider Form
  1744 | D:2      | Reached XP level 4. HP: 29/29 MP: 7/7
  2090 | D:3      | Found a blossoming altar of Fedhas.
  2531 | D:3      | Reached skill level 5 in Unarmed Combat
  2630 | D:3      | Reached XP level 5. HP: 29/34 MP: 9/9
  3285 | D:4      | Reached skill level 6 in Unarmed Combat
  3637 | D:4      | Found Xiuxkiti's Weapon Shoppe.
  3765 | D:4      | Reached XP level 6. HP: 36/39 MP: 10/10
  4173 | D:4      | Found a stormy altar of Qazlal.
  4173 | D:4      | Noticed a centaur
  4186 | D:4      | Killed a centaur
  4186 | D:4      | Reached skill level 7 in Unarmed Combat
  4655 | D:4      | Reached XP level 7. HP: 39/44 MP: 12/12
  4838 | D:5      | Entered Level 5 of the Dungeon
  5386 | D:5      | Reached skill level 8 in Unarmed Combat
  5530 | D:5      | HP: 2/44 [centaur (9)]
  6353 | D:5      | Reached skill level 1 in Evocations
  6419 | D:5      | Found a glowing silver altar of Zin.
  6420 | D:5      | Found an opulent altar of Gozag.
  6424 | D:5      | Became a worshipper of Gozag Ym Sagoz the Greedy
  7003 | D:6      | Found a staircase to the Ecumenical Temple.
  7021 | D:6      | Reached XP level 8. HP: 32/50 MP: 13/13
  7139 | D:6      | Learned a level 5 spell: Blade Hands
  7733 | D:6      | Found a burning altar of Makhleb.
  7933 | D:6      | Reached skill level 5 in Transmutations
  8069 | D:7      | Found an iron altar of Okawaru.
  8409 | D:7      | Slain by a centaur

Action                   |  1- 3 |  4- 6 |  7- 9 || total
-------------------------+-------+-------+-------++-------
Melee: Unarmed           |    16 |    71 |    90 ||   177
       Spear             |    36 |    97 |    61 ||   194
 Cast: Beastly Appendage |     5 |       |     4 ||     9
       Spider Form       |     1 |    12 |    18 ||    31
       Sticks to Snakes  |       |       |     4 ||     4
       Blade Hands       |       |       |     1 ||     1
Evoke: Wand              |     1 |       |     1 ||     2
  Use: Potion            |       |     1 |     3 ||     4
 Stab: Sleeping          |       |     4 |     4 ||     8
  Eat: Chunk             |     3 |    11 |     5 ||    19
       Meat ration       |       |       |     2 ||     2
       Pizza             |       |       |     1 ||     1
       Beef jerky        |       |       |     1 ||     1
